 Dungeon Crawl Stone Soup version 0.26.1-11-gd32895ea62 (webtiles) character file.

Game seed: 1921853426399650607

95 Hugehornet the Insei (level 4, -1/34 HPs)
             Began as a Gnoll Transmuter on July 18, 2021.
             Slain by Sigmund
             ... wielding a +0 scythe
              (3 damage)
             ... on level 2 of the Dungeon.
             The game lasted 00:04:14 (1820 turns).

Hugehornet the Insei (Gnoll Transmuter)             Turns: 1820, Time: 00:04:15

Health: -1/34      AC: 11    Str: 12    XL:     4   Next: 66%
Magic:  10/11      EV: 11    Int: 17    God:
Gold:   109        SH:  0    Dex: 15    Spells: 10/13 levels left

rFire    + . .     SeeInvis .   g - +0 short sword
rCold    . . .     Faith    .   (no shield)
rNeg     . . .     Spirit   .   m - +4 scale mail
rPois    +         Reflect  .   n - +0 helmet "Eqyewk" {Harm Rampage rC-} (curse)
rElec    +         Harm     +   (no cloak)
rCorr    +         Rampage  +   (no gloves)
Will     .....                  (no boots)
Stlth    ..........             (no amulet)
HPRegen  0.11/turn              (no ring)
MPRegen  0.12/turn              (no ring)

@: confused, brilliant, resistant, very slightly contaminated
A: distributed training, fangs 1, strong nose
a: no special abilities


You were on level 2 of the Dungeon.
You visited 1 branch of the dungeon, and saw 2 of its levels.

You collected 109 gold pieces.

Inventory:

Hand Weapons
 c - a +0 club
 d - a +0 dagger
 g - a +0 short sword (weapon)
 o - a +0 whip
Missiles
 j - 6 poisoned darts (quivered)
Armour
 a - a +0 robe
 i - a +0 plate armour
 m - a +4 scale mail (worn)
 n - the cursed +0 helmet "Eqyewk" (worn) {Harm Rampage rC-}
   (You took it off Robin on level 2 of the Dungeon)

   It makes you vulnerable to cold.
   It increases damage dealt and taken.
   It bestows one free step when moving towards enemies.
   It has a curse placed upon it.
Scrolls
 b - a scroll of random uselessness {unknown}
 e - a scroll of immolation {unknown}
 f - 5 scrolls of identify {unknown}
 h - 2 scrolls of amnesia {unknown}
 l - 2 scrolls of teleportation {unknown}
 p - a scroll of enchant armour {unknown}
 q - a scroll of remove curse {unknown}


   Skills:
 + Level 2.8 Fighting
 + Level 1.2 Short Blades
 + Level 1.2 Long Blades
 + Level 1.2 Axes
 + Level 1.2 Maces & Flails
 + Level 1.2 Polearms
 + Level 1.2 Staves
 + Level 1.2 Slings
 + Level 1.2 Bows
 + Level 1.2 Crossbows
 + Level 1.2 Throwing
 + Level 1.2 Armour
 + Level 4.6 Dodging
 + Level 1.2 Stealth
 + Level 1.2 Shields
 + Level 6.6 Unarmed Combat
 + Level 5.1 Spellcasting
 + Level 1.0 Conjurations
 + Level 1.0 Hexes
 + Level 1.0 Summonings
 + Level 1.0 Necromancy
 + Level 1.0 Translocations
 + Level 3.8 Transmutations
 + Level 1.0 Fire Magic
 + Level 1.0 Ice Magic
 + Level 1.0 Air Magic
 + Level 1.0 Earth Magic
 + Level 1.0 Poison Magic
 + Level 1.3 Invocations
 + Level 1.2 Evocations


You had 10 spell levels left.
You knew the following spells:

 Your Spells              Type           Power        Failure   Level
a - Beastly Appendage     Tmut           52%          16%         1
b - Wereblood             Tmut           26%          24%         2

Your spell library contained the following spells:

 Spells                   Type           Power        Failure   Level
 Spider Form              Tmut/Pois      9%           63%         3
 Ice Form                 Ice/Tmut       18%          95%         4
 Blade Hands              Tmut           13%          99%         5


Dungeon Overview and Level Annotations

Branches:
Dungeon (2/15)

Altars:
Dithmenos

Annotations:
D:2 Sigmund


Innate Abilities, Weirdness & Mutations

Your experience applies equally to all skills.
You have very sharp teeth.
Your uncanny sense of smell can sniff out nearby items.


Message History

You hit something but do no damage. Your bite misses something.
You hear some strange, mumbled words.
A magic dart appears from out of thin air!
The magic dart hits you.
* * * LOW HITPOINT WARNING * * *
You miss something. You bite something. Something hits you but does no damage.
You miss something. Something hits you but does no damage.
You barely miss something. You closely miss something.
You hear some strange, mumbled words.
A puff of flame appears from out of thin air!
The puff of flame hits you. You resist.
* * * LOW HITPOINT WARNING * * *
You barely miss something. Your bite misses something. Something hits you.
* * * LOW HITPOINT WARNING * * *
You closely miss something.
You hear some strange, mumbled words.
You are confused.
You miss something. You bite something. Something hits you.
You die...

######## #...{..##
#.###...# #.# #....
##########.# ##{..
#.......†..# #...
########
#{########## ##..
#......####### #@#
##.
#.###....†...###.###
##
.....(((≈).........+
#.
#.#.##≈≈≈≈##.###...#
∆ ## # #.#≈≈≈≈≈##.#
#<#.# #.#≈≈≈≈≈##.#
###... ##.≈≈≈≈≈###.#
..... #..≈≈≈≈≈# #.#
....# #.#≈≈≈≈## #..
....#


There were no monsters in sight!

Vanquished Creatures
  A howler monkey (D:2)
  Robin (D:2)
  A worm (D:2)
  A dart slug (D:1)
  A leopard gecko (D:1)
  A giant cockroach (D:2)
  4 hobgoblins
  2 jackals (D:1)
  5 kobolds
  5 bats
  2 frilled lizards (D:1)
  12 goblins
  2 rats (D:1)
38 creatures vanquished.

Notes
Turn   | Place    | Note
-------+----------+-------------------------------------------
     0 | D:1      | Hugehornet the Gnoll Transmuter began the quest for the
                  | Orb.
     0 | D:1      | Reached XP level 1. HP: 17/17 MP: 6/6
    95 | D:1      | Reached XP level 2. HP: 20/23 MP: 7/7
   665 | D:1      | Reached XP level 3. HP: 7/28 MP: 9/9
  1141 | D:1      | Reached skill level 5 in Spellcasting
  1284 | D:2      | Learned a level 2 spell: Wereblood
  1385 | D:2      | Found a shadowy altar of Dithmenos.
  1441 | D:2      | Identified the cursed +0 helmet "Eqyewk" {Harm Rampage rC-}
  1441 | D:2      | Noticed Robin
  1457 | D:2      | Killed Robin
  1458 | D:2      | Reached skill level 1 in Invocations
  1468 | D:2      | Reached skill level 1 in Short Blades
  1468 | D:2      | Reached skill level 1 in Long Blades
  1468 | D:2      | Reached skill level 1 in Axes
  1468 | D:2      | Reached skill level 1 in Maces & Flails
  1468 | D:2      | Reached skill level 1 in Polearms
  1468 | D:2      | Reached skill level 1 in Staves
  1468 | D:2      | Reached skill level 1 in Slings
  1468 | D:2      | Reached skill level 1 in Bows
  1468 | D:2      | Reached skill level 1 in Crossbows
  1468 | D:2      | Reached skill level 1 in Throwing
  1468 | D:2      | Reached skill level 1 in Armour
  1468 | D:2      | Reached skill level 1 in Stealth
  1468 | D:2      | Reached skill level 1 in Shields
  1468 | D:2      | Reached skill level 1 in Evocations
  1709 | D:2      | Reached XP level 4. HP: 34/34 MP: 11/11
  1735 | D:2      | Reached skill level 1 in Conjurations
  1735 | D:2      | Reached skill level 1 in Hexes
  1735 | D:2      | Reached skill level 1 in Summonings
  1735 | D:2      | Reached skill level 1 in Necromancy
  1735 | D:2      | Reached skill level 1 in Translocations
  1735 | D:2      | Reached skill level 1 in Fire Magic
  1735 | D:2      | Reached skill level 1 in Ice Magic
  1735 | D:2      | Reached skill level 1 in Air Magic
  1735 | D:2      | Reached skill level 1 in Earth Magic
  1735 | D:2      | Reached skill level 1 in Poison Magic
  1756 | D:2      | Noticed Sigmund
  1820 | D:2      | Slain by Sigmund

Illustrated notes

Levels and vault maps discovered:
D:1:      psy_arrival_whirlpool, layout_basic, minmay_misc_feat_tower
D:2:      wander_river, layout_basic, lemuel_crystal_altar, nrook_uturn,
          nicolae_tso_carved_into_rock, uniq_sigmund, uniq_robin

Skill      XL: |  1  2  3  4 |
---------------+-------------+-----
Spellcasting   | 5 |  5.1
Invocations    | 1 |  1.3
Short Blades   | 1 |  1.2
Long Blades    | 1 |  1.2
Axes           | 1 |  1.2
Maces & Flails | 1 |  1.2
Polearms       | 1 |  1.2
Staves         | 1 |  1.2
Slings         | 1 |  1.2
Bows           | 1 |  1.2
Crossbows      | 1 |  1.2
Throwing       | 1 |  1.2
Armour         | 1 |  1.2
Stealth        | 1 |  1.2
Shields        | 1 |  1.2
Evocations     | 1 |  1.2
Conjurations   | 1 |  1.0
Hexes          | 1 |  1.0
Summonings     | 1 |  1.0
Necromancy     | 1 |  1.0
Translocations | 1 |  1.0
Fire Magic     | 1 |  1.0
Ice Magic      | 1 |  1.0
Air Magic      | 1 |  1.0
Earth Magic    | 1 |  1.0
Poison Magic   | 1 |  1.0
Fighting       | |  2.8
Dodging        | |  4.6
Unarmed Combat | |  6.6
Transmutations | |  3.8

Action                   |  1- 3 |  4- 6 || total
-------------------------+-------+-------++-------
Melee: Club              |    10 |       ||    10
       Unarmed           |     7 |       ||     7
       Kick              |     4 |       ||     4
       Bite              |    21 |     4 ||    25
       Headbutt          |     1 |       ||     1
       Short sword       |   147 |    34 ||   181
       Punch             |     6 |     1 ||     7
Throw: Dart              |       |     6 ||     6
 Cast: Beastly Appendage |     3 |       ||     3
  Use: Potion            |       |     2 ||     2
Armor: Robe              |    13 |       ||    13
       Scale mail        |    30 |    13 ||    43
Dodge: Dodged            |   119 |     6 ||   125
